Map: [ESL] Solaris

Players

Astrea - Winner!

  • Race: Protoss Protoss
  • Spawn Location: 1:00

Kelazhur

  • Race: Terran Terran
  • Spawn Location: 7:00

Event: ESL SC2 Masters 2023 Winter (Regional)

VOD

Have the link to the VOD?

Description

Time

  • Played on: Nov. 19, 2023, 2:57 p.m.
  • Length: 10:43

All games in this series

Show
View Real Time Build Order
Export as new Build Order

Astrea Protoss - Winner!

Build Orders: 1 Gate Expand, Phoenix Opening 

Get SALT Encoding   

  12  0:00  Probe  
  13  0:12  Probe  
  14  0:19  Pylon  
  14  0:24  Probe  
  15  0:37  Probe (Chrono Boost)  
  15  0:39  Gateway  
  16  0:48  Assimilator, Probe (Chrono Boost)  
  17  0:53  Probe (Chrono Boost)  
  18  1:03  Probe  
  19  1:15  Probe  
  20  1:24  Nexus  
  20  1:34  Cybernetics Core  
  20  1:37  Probe  
  21  1:42  Assimilator  
  21  1:49  Probe  
  21  1:52  Pylon  
  22  2:01  Probe (Chrono Boost)  
  22  2:07  Adept (Chrono Boost)  
  23  2:13  Probe (Chrono Boost)  
  26  2:20  Probe (Chrono Boost)  
  26  2:21  Stargate  
  27  2:28  Probe  
  28  2:30  Warp Gate  
  28  2:35  Adept  
  28  2:36  Probe (Chrono Boost)  
  32  2:45  Probe (Chrono Boost)  
  32  2:50  Probe (Chrono Boost)  
  33  2:55  Probe x2 (Chrono Boost)  
  35  3:04  Probe  
  35  3:05  Phoenix, Probe  
  37  3:06  Adept  
  37  3:12  Pylon  
  41  3:16  Probe  
  41  3:17  Probe  
  43  3:28  Probe  
  43  3:29  Probe  
  43  3:30  Phoenix (Chrono Boost)  
  47  3:36  Gateway  
  47  3:37  Twilight Council  
  47  3:41  Probe  
  48  3:44  Probe  
  49  3:54  Probe  
  50  3:56  Probe  
  50  3:57  Phoenix (Chrono Boost)  
  51  4:04  Gateway  
  51  4:06  Gateway, Probe  
  52  4:11  Charge (Chrono Boost)  
  52  4:15  Pylon  
  52  4:21  Nexus  
  52  4:23  Probe  
  53  4:24  Probe  
  54  4:35  Probe  
  54  4:36  Zealot x2  
  59  4:39  Phoenix (Chrono Boost)  
  59  4:40  Pylon  
  61  4:47  Probe  
  61  4:50  Pylon  
  62  4:58  Probe  
  62  4:59  Probe  
  64  5:00  Zealot x3  
  70  5:09  Pylon  
  70  5:10  Probe  
  70  5:11  Probe  
  70  5:12  Phoenix (Chrono Boost)  
  74  5:18  Zealot  
  76  5:22  Probe  
  76  5:23  Probe  
  76  5:28  Zealot x3  
  84  5:31  Pylon  
  84  5:32  Phoenix  
  85  5:40  Zealot  
  87  5:43  Probe x2  
  87  5:44  Probe  
  87  5:48  Zealot x3  
  96  5:54  Pylon  
  96  5:55  Probe  
  96  5:56  Probe x2  
  99  5:57  Forge  
  99  6:00  Robotics Facility  
  99  6:10  Probe x3  
  102  6:18  Assimilator x2  
  102  6:21  Pylon  
  102  6:23  Probe  
  102  6:24  Protoss Ground Weapons Level 1 (Chrono Boost)  
  103  6:31  Gateway  
  103  6:33  Gateway  
  103  6:34  Gateway  
  103  6:35  Probe x2  
  103  6:36  Gateway, Probe  
  103  6:37  Pylon  
  105  6:47  Probe  
  105  6:50  Observer  
  106  6:54  Robotics Bay  
  106  6:56  Robotics Facility  
  106  7:04  Zealot x4  
  114  7:10  Nexus  
  114  7:13  Immortal (Chrono Boost)  
  118  7:24  Probe  
  118  7:25  Probe x2  
  118  7:26  Pylon  
  118  7:27  Sentry  
  118  7:28  Pylon  
  123  7:36  Shield Battery  
  123  7:37  Probe x3  
  125  7:39  Zealot x3  
  132  7:51  Colossus (Chrono Boost)  
  137  7:52  Colossus (Chrono Boost)  
  143  7:59  Pylon  
  143  8:00  Pylon  
  143  8:01  Pylon  
  143  8:08  Extended Thermal Lance  
  143  8:10  Zealot x4  
  149  8:21  Zealot x4  
  149  8:24  Protoss Ground Weapons Level 2 (Chrono Boost)  
  157  8:32  Zealot x4  
  147  8:57  Stalker x8  
  159  9:16  Colossus  
  149  9:19  Shield Battery  
  149  9:23  Zealot x8  
  171  9:34  Pylon  
  171  9:35  Pylon  
  171  9:36  Nexus  
  171  9:37  Pylon  
  169  9:41  Colossus  
  175  9:48  Pylon  
  175  9:49  Pylon  
  175  9:51  Pylon  
  175  9:53  Pylon  
  175  9:55  Zealot x3  
  175  9:56  Zealot x4  
  175  10:19  Zealot x4  
  175  10:20  Zealot x4  
  185  10:25  Probe  
  140  10:40  Stalker x5  
Show
View Real Time Build Order
Export as new Build Order

Kelazhur Terran 

Build Orders: Cyclone Opening, Gas First Reaper Expand 

Get SALT Encoding   

  12  0:00  SCV  
  13  0:12  SCV  
  14  0:17  Supply Depot  
  14  0:24  SCV  
  15  0:30  Refinery  
  15  0:38  SCV  
  16  0:44  Barracks  
  16  0:50  SCV  
  17  1:02  SCV  
  18  1:15  SCV  
  19  1:32  Orbital Command, Reaper  
  20  1:45  Command Center  
  20  1:57  Factory  
  20  2:00  SCV  
  21  2:07  Barracks Reactor  
  21  2:10  Supply Depot  
  21  2:14  SCV  
  22  2:20  Refinery  
  22  2:26  SCV  
  23  2:38  SCV  
  23  2:42  Cyclone  
  26  2:47  Barracks, Marine x2  
  26  2:50  SCV  
  29  3:02  SCV, Starport  
  30  3:08  Orbital Command  
  30  3:14  Factory Tech Lab  
  30  3:15  SCV  
  30  3:19  Marine  
  32  3:20  Marine  
  34  3:27  SCV  
  34  3:33  Siege Tank  
  34  3:34  SCV  
  38  3:36  Barracks Tech Lab  
  38  3:37  Marine  
  38  3:40  Marine  
  40  3:42  SCV  
  41  3:49  Viking  
  41  3:51  SCV  
  41  3:55  Marine  
  44  3:58  SCV  
  44  4:01  Marine  
  46  4:04  Stimpack  
  46  4:08  Supply Depot  
  46  4:10  SCV, Marine  
  46  4:12  Cyclone  
  46  4:14  Marine  
  46  4:15  SCV  
  52  4:24  Marine  
  52  4:26  SCV  
  52  4:30  SCV, Marine  
  56  4:33  Supply Depot  
  56  4:34  Medivac  
  56  4:36  Marine  
  59  4:38  SCV  
  59  4:41  Marine  
  61  4:49  Marine  
  61  4:51  Supply Depot  
  62  4:54  Marine  
  62  4:55  Siege Tank, SCV  
  62  4:56  SCV  
  68  5:00  Supply Depot  
  68  5:02  Marine  
  69  5:07  Supply Depot, SCV  
  69  5:12  SCV  
  71  5:15  Liberator  
  71  5:17  Marine x2  
  71  5:19  SCV  
  77  5:22  Marine  
  77  5:23  Supply Depot  
  77  5:24  SCV  
  79  5:31  SCV  
  80  5:40  SCV  
  81  5:43  SCV  
  81  5:44  Marine x2  
  81  5:45  Command Center, Marine  
  81  5:47  Combat Shield  
  85  5:52  SCV, Engineering Bay  
  85  5:56  SCV  
  87  5:58  Barracks  
  87  6:05  Marine x3  
  90  6:13  Factory Reactor  
  90  6:14  Starport Reactor  
  90  6:15  SCV  
  90  6:16  Refinery  
  90  6:17  Refinery  
  91  6:19  Supply Depot  
  91  6:22  SCV  
  91  6:23  Supply Depot, Marine  
  93  6:27  Terran Infantry Weapons Level 1, SCV  
  93  6:28  Marine x2  
  96  6:34  SCV  
  96  6:38  Barracks x2  
  97  6:40  SCV  
  97  6:43  Marine  
  97  6:44  Supply Depot  
  97  6:46  Marine  
  100  6:50  Marauder x2  
  100  6:52  Widow Mine x2  
  108  6:55  Medivac  
  108  6:56  Medivac  
  108  6:59  Orbital Command  
  108  7:01  SCV  
  110  7:02  SCV  
  111  7:09  Marine x2  
  111  7:10  Marine  
  111  7:11  Marine  
  111  7:12  Supply Depot, Concussive Shells  
  111  7:13  SCV  
  111  7:14  Widow Mine  
  118  7:16  Widow Mine  
  118  7:18  SCV  
  121  7:25  SCV  
  121  7:27  Missile Turret  
  121  7:28  Barracks Reactor, Barracks Tech Lab, Missile Turret  
  121  7:29  Missile Turret  
  122  7:30  Orbital Command  
  122  7:35  Marauder  
  122  7:36  Widow Mine  
  126  7:37  Marine, Widow Mine  
  126  7:38  Marauder  
  131  7:45  SCV  
  131  7:46  Marine  
  133  7:51  Marauder  
  135  8:00  Marauder x2  
  135  8:02  SCV x2, Ghost Academy  
  135  8:05  Supply Depot  
  141  8:07  Marine x3  
  141  8:08  Marine  
  141  8:09  Widow Mine x2  
  149  8:17  Supply Depot  
  149  8:20  Supply Depot  
  149  8:22  Terran Infantry Armor Level 1  
  149  8:23  Armory  
  152  8:27  Marauder x2, SCV  
  152  8:28  Marine, Marauder  
  152  8:30  Marine  
  157  8:38  SCV x2  
  157  8:39  Widow Mine x2  
  162  8:41  Marine x2  
  162  8:43  SCV  
  162  8:46  Marine  
  160  8:48  Marauder  
  160  8:49  Marauder  
  160  8:50  SCV  
  160  8:51  Marauder, Marine  
  160  8:55  Missile Turret  
  158  8:59  Marine x2  
  152  9:05  Marine  
  152  9:07  SCV  
  152  9:08  Marine  
  154  9:10  Marauder x2  
  154  9:14  Widow Mine x2  
  154  9:15  Marine  
  157  9:19  Marine x2  
  159  9:24  SCV  
  159  9:25  SCV  
  159  9:30  Marine x2  
  165  9:31  Marauder  
  165  9:34  Marauder  
  165  9:40  Marine x2  
  165  9:41  SCV, Marauder  
  170  9:46  SCV  
  172  9:52  Marauder  
  172  9:55  Marauder  
  172  9:58  Missile Turret  
  173  10:06  SCV x2  
  171  10:07  Marauder  
  171  10:08  Viking  
  171  10:09  Marine  
  168  10:16  Marauder  
  168  10:17  Marine  
  168  10:18  Marine  
  168  10:19  SCV  
  173  10:24  SCV  
Tags
 
Add a new tag
Caveats
  • Supply blocks, unpowered buildings, or Contaminate may cause inaccurate times.
  • Supply counts are checked every 10 seconds.